 Dungeon Crawl Stone Soup version 0.19.4 (webtiles) character file.

59766 Peloso the Peltast (level 14, -12/126 HPs)
             Began as a Minotaur Fighter on Feb 2, 2017.
             Was the Champion of Okawaru.
             Mangled by an ettin
             ... wielding a cursed -2 dire flail
              (32 damage)
             ... on level 13 of the Dungeon.
             The game lasted 01:17:24 (24101 turns).

Peloso the Peltast (Minotaur Fighter)              Turns: 24101, Time: 01:17:25

Health: -12/126    AC: 23    Str: 24    XL:     14   Next: 54%
Magic:  14/14      EV: 10    Int:  5    God:    Okawaru [******]
Gold:   943        SH: 10    Dex: 12    Spells: 0 memorised, 13 levels left

rFire  + . .     SeeInvis +     I - +1 long sword (slice)
rCold  . . .     Gourm    .     C - +2 plate armour {rF+}
rNeg   . . .     Faith    .     X - +2 buckler {AC+3}
rPois  .         Spirit   .     K - +1 hat
rElec  .         Reflect  .     t - +0 cloak
rCorr  .         Harm     .     (no gloves)
MR     ++...                    (no boots)
Stlth  ..........               c - amulet of regeneration
                                M - ring of see invisible
                                p - ring of protection from magic

@: no status effects
A: retaliatory headbutt, horns 2
a: Heroism, Finesse, Renounce Religion


You were on level 13 of the Dungeon.
You worshipped Okawaru.
Okawaru was exalted by your worship.
You were not hungry.

You visited 3 branches of the dungeon, and saw 20 of its levels.
You also visited: Labyrinth, Ossuary and Volcano.

You collected 1203 gold pieces.
You spent 260 gold pieces at shops.

Inventory:

Hand Weapons
 a - a +0 long sword
 l - a +2 trident of flaming
 n - a +2 short sword of flaming
 I - a +1 long sword of slicing (weapon)
 L - the +0 mace "Wetrue" {pain, Dex+5, unknown}
   (You found it in a labyrinth)

   In the hands of one skilled in necromantic magic, it inflicts extra damage on
   living creatures.
   It affects your dexterity (+5).
Armour
 t - a +0 cloak (worn)
 C - a +2 plate armour of fire resistance (worn)
 K - a +1 hat (worn)
 X - a +2 buckler of protection (worn)
Jewellery
 b - an uncursed ring of flight
 c - an amulet of regeneration (around neck)
 o - an uncursed amulet of magic regeneration
 p - a ring of protection from magic (left hand)
 z - an uncursed ring of poison resistance
 A - an uncursed ring of resist corrosion
 B - a +4 ring of evasion
 E - a cursed -3 ring of intelligence
 M - a ring of see invisible (right hand)
 Z - an uncursed ring of protection from cold
Wands
 e - a wand of lightning (4/15)
 h - a wand of iceblast (6/15)
 m - a wand of heal wounds (3/9)
 x - a wand of iceblast (6/15)
 J - a wand of disintegration (17/24)
Scrolls
 j - 6 scrolls of remove curse
 r - a scroll of recharging
 v - a scroll of teleportation
 N - a scroll of identify
 R - 2 scrolls of silence
 W - 2 scrolls of blinking
Potions
 i - 4 potions of berserk rage
 k - a potion of brilliance
 s - 3 potions of curing
 D - 4 potions of flight
 F - 4 potions of heal wounds
 G - 7 potions of haste
 H - 3 potions of invisibility
 Q - a potion of ambrosia
 V - a potion of might
Books
 q - a book of Beasts

   Spells                             Type                      Level
   a - Summon Butterflies             Summoning                    1
   b - Call Canine Familiar           Summoning                    3
   c - Summon Ice Beast               Ice/Summoning                4
   d - Summon Mana Viper              Hexes/Summoning              5
   e - Summon Hydra                   Summoning                    7
 y - the Grimoire of Beguiling
   (You found it in a labyrinth)

   Spells                             Type                      Level
   a - Tukima's Dance                 Hexes                        3
   b - Cause Fear                     Hexes                        4
   c - Leda's Liquefaction            Hexes/Earth                  4
   d - Metabolic Englaciation         Hexes/Ice                    5
Miscellaneous
 O - a phial of floods
Comestibles
 d - 7 meat rations
 f - 12 bread rations
 g - 12 fruits
 u - 5 chunks of flesh
 w - 8 royal jellies


   Skills:
 + Level 12.0 Fighting
 + Level 15.6 Long Blades
 + Level 2.2 Polearms
 + Level 13.9 Armour
 + Level 6.3 Dodging
 + Level 1.4 Stealth
 + Level 16.9 Shields
 + Level 1.7 Invocations
 + Level 0.8 Evocations


You had 13 spell levels left.
You didn't know any spells.

Dungeon Overview and Level Annotations

Branches:
Dungeon (13/15)            Temple (1/1) D:4            Lair (6/6) D:8
  Swamp (0/4) Lair:2        Snake (0/4) Lair:4        Slime (0/5) Lair:5
    Orc (0/2) D:11
 Vaults: D:13-14

Altars:
Ashenzari
Cheibriados
Dithmenos
Elyvilon
Fedhas
Gozag
Hepliaklqana
Kikubaaqudgha
Makhleb
Nemelex Xobeh
Okawaru
Qazlal
Ru
Sif Muna
Trog
Uskayaw
Vehumet
Xom
Yredelemnul
Zin
The Shining One

Shops:
D:9 [


Innate Abilities, Weirdness & Mutations

You reflexively headbutt those who attack you in melee.
You have a pair of horns on your head.


Message History

You hit the ettin.
The ettin is lightly wounded.
The ettin barely misses you.
You riposte.
You hit the ettin but do no damage.
The ettin is lightly wounded.
The ettin hits you with a dire flail!!
You slash the ettin!
The ettin is moderately wounded.
You block the ettin's attack. The ettin hits you with a dire flail!!
A shining eye comes into view.
You slash the ettin!
The ettin is heavily wounded.
You hit the ettin but do no damage. You headbutt the ettin!
The ettin is severely wounded.
You block the ettin's attack. x2
You hit the ettin but do no damage.
The ettin is severely wounded.
The ettin hits you with a dire flail!!
* * * LOW HITPOINT WARNING * * *
The ettin hits you with a dire flail!!
You die...

..........# #................#
..........# #..........!.....#
..........# #......<.........#
..........###................#
.............................#
.....[.......................#
.............................#
...........#####...##....##..#
....####...#..GC@........##..#
....####...#..#######....##..#
...........#.,*∩,,+,#....##..#
...........#,,*,,,*,#........#
...........#,,*****,#........#
#.)######..#,,,,,,,,#........#
#..# #..##########...##...#
#..# #...............##...#
#..######........###....##...#


You could see an ettin and a shining eye.

Vanquished Creatures
  A minotaur (Lab)
  4 hydras
  Harold (Lair:4)
  Sonja (D:12)
  A hell knight (Volcano)
  3 unseen horrors
  A lindwurm (D:13)
  5 hill giants
  Pikel (D:6)
  An orc knight (D:12)
  A wolf spider zombie (D:12)
  3 manticores
  An oklob plant (Lair:4)
  2 cyclopes
  2 ugly things (Volcano)
  7 elephants
  Joseph (D:7)
  5 black mambas
  A smoke demon (Volcano)
  2 gargoyles (D:11)
  20 spiny frogs
  3 rime drakes
  6 komodo dragons
  A freezing wraith (D:12)
  3 red devils (Volcano)
  3 polar bears
  A queen bee (D:7)
  5 trolls
  5 tyrant leeches (Lair:6)
  16 blink frogs
  4 slime creatures (D:12)
  4 dream sheep (Lair:6)
  A two-headed ogre (D:6)
  16 hippogriffs
  8 wyverns
  A hungry ghost (D:13)
  28 yaks
  A hog (shapeshifter) (D:13)
  4 vampire mosquitoes (Lair:6)
  Grum (D:11)
  A steam dragon (D:8)
  2 wraiths (D:12)
  3 basilisks (Lair:6)
  2 nagas (Lair:4)
  A warg (D:12)
  A soldier ant (D:13)
  A mottled dragon (D:12)
  Menkaure (D:6)
  10 water moccasins
  4 hell hounds
  13 porcupines
  2 black bears
  3 sky beasts
  8 ice beasts
  2 hornet zombies
  4 orc warriors
  A slave (D:6)
  A phantom (D:8)
  A necrophage (D:11)
  An eye of draining (D:10)
  6 ogres
  5 centaurs
  16 crocodiles
  10 wolves
  3 big kobolds
  26 bullfrogs
  3 water moccasin zombies
  3 scorpions
  The ghost of Minion the Chopper, a weakling MiFi (D:3)
  17 killer bees
  4 wights
  6 electric eels
  4 howler monkeys
  7 crimson imps
  A quasit (D:8)
  4 bullfrog zombies
  8 hounds
  3 jellies
  6 orc priests
  3 bullfrog skeletons
  9 orc wizards
  Crazy Yiuf (D:2)
  3 iguanas
  3 centaur skeletons
  10 worker ants
  4 big kobold zombies (Ossuary)
  A hound skeleton (D:4)
  2 mummies (Ossuary)
  2 howler monkey zombies
  Robin (D:2)
  3 worker ant zombies
  A gnoll (D:4)
  9 adders
  5 river rats
  4 shadow imps
  5 white imps (D:9)
  2 adder zombies (Ossuary)
  3 adder skeletons
  A worm (D:2)
  4 dart slugs
  An adder simulacrum (D:9)
  5 leopard geckos
  45 orcs
  A ball python (D:2)
  7 giant cockroaches
  6 gnoll zombies (Ossuary)
  15 goblins
  2 hobgoblins (D:1)
  23 jackals
  19 kobolds
  8 quokkas
  8 bats
  4 frilled lizards
  7 hobgoblin zombies (Ossuary)
  7 kobold zombies (Ossuary)
  2 leopard gecko zombies
  2 orc zombies (Ossuary)
  7 rats
  15 plants (Lair:5)
630 creatures vanquished.

Vanquished Creatures (others)
  The ghost of Minion the Gusty, an amateur DrAE (D:4)
  3 slaves (D:6)
  3 hounds (D:4)
  3 worker ants (D:4)
  2 leopard geckos (D:4)
  A giant cockroach (D:4)
  A frilled lizard (D:4)
  23 fungi
  40 plants
77 creatures vanquished.

Grand Total: 707 creatures vanquished

Notes
Turn   | Place    | Note
-------+----------+-------------------------------------------
     0 | D:1      | Peloso the Minotaur Fighter began the quest for the Orb.
     0 | D:1      | Reached XP level 1. HP: 19/19 MP: 0/0
   299 | D:1      | Reached XP level 2. HP: 25/27 MP: 1/1
   335 | D:1      | Reached skill level 4 in Shields
   571 | D:1      | Reached XP level 3. HP: 33/33 MP: 2/2
   968 | D:2      | Noticed Robin
   977 | D:2      | Killed Robin
   998 | D:2      | Reached XP level 4. HP: 17/41 MP: 3/3
  1021 | D:2      | Found a glowing golden altar of the Shining One.
  1130 | D:2      | Found a shadowy altar of Dithmenos.
  1544 | D:2      | Found a runed door.
  1548 | D:2      | Noticed Crazy Yiuf
  1557 | D:2      | HP: 2/41 [Crazy Yiuf/quarterstaff of chaos (6)]
  1558 | D:2      | Killed Crazy Yiuf
  2081 | D:3      | Found a shattered altar of Ashenzari.
  2081 | D:3      | Noticed a bullfrog
  2093 | D:3      | Killed a bullfrog
  2093 | D:3      | Reached XP level 5. HP: 43/47 MP: 4/4
  2191 | D:3      | Noticed Minion's ghost (weakling MiFi)
  2201 | D:3      | Killed Minion's ghost
  2201 | D:3      | Reached skill level 5 in Armour
  2602 | D:3      | Reached XP level 6. HP: 52/53 MP: 5/5
  2801 | D:4      | Reached skill level 5 in Shields
  2956 | D:4      | Reached skill level 5 in Long Blades
  2995 | D:4      | Found a shimmering altar of Xom.
  2999 | D:4      | Noticed Minion's ghost (amateur DrAE)
  3000 | D:4      | Reached skill level 1 in Dodging
  3044 | D:4      | Killed Minion's ghost
  3078 | D:4      | Reached skill level 5 in Fighting
  3078 | D:4      | Reached XP level 7. HP: 56/61 MP: 6/6
  3141 | D:4      | Found a staircase to the Ecumenical Temple.
  3170 | Temple   | Entered the Ecumenical Temple
  3785 | D:5      | Entered Level 5 of the Dungeon
  3794 | D:5      | Found a hazy altar of Hepliaklqana.
  3916 | D:5      | Found a bloodstained altar of Trog.
  3931 | D:5      | Found a stormy altar of Qazlal.
  4011 | D:5      | Reached skill level 6 in Shields
  4073 | D:5      | Found a snail-covered altar of Cheibriados.
  4651 | D:5      | Reached XP level 8. HP: 66/68 MP: 7/7
  4994 | D:6      | Noticed Pikel
  4998 | D:6      | Noticed Menkaure
  5008 | D:6      | Killed Pikel
  5008 | D:6      | Reached skill level 7 in Shields
  5022 | D:6      | Killed Menkaure
  5446 | D:6      | Found an opulent altar of Gozag.
  5600 | D:6      | Noticed a two-headed ogre
  5608 | D:6      | Killed a two-headed ogre
  5695 | D:6      | You fall through a shaft!
  5698 | D:7      | Found a sand-covered staircase.
  5709 | D:7      | Reached XP level 9. HP: 71/75 MP: 8/8
  5715 | D:7      | Found an iron altar of Okawaru.
  5724 | D:7      | Became a worshipper of Warmaster Okawaru
  5769 | D:7      | Noticed Joseph
  5785 | D:7      | Killed Joseph
  5785 | D:7      | Reached * piety under Okawaru
  5919 | Ossuary  | Entered an ossuary
  6003 | Ossuary  | Reached skill level 10 in Long Blades
  6082 | Ossuary  | Reached skill level 8 in Shields
  6310 | D:7      | Got a jewelled ring mail
  6321 | D:7      | Identified the +4 ring mail of the Five Mice {rF+ rN+ Regen+} (You found it on level 7 of the Dungeon)
  6487 | D:7      | Found a sparkling altar of Nemelex Xobeh.
  6715 | D:8      | Reached ** piety under Okawaru
  6724 | D:8      | Noticed a queen bee
  6730 | D:8      | Reached skill level 9 in Shields
  6732 | D:8      | Reached XP level 10. HP: 23/84 MP: 9/9
  6736 | D:8      | Found a staircase to the Lair.
  6937 | D:7      | Reached *** piety under Okawaru
  7160 | D:7      | Reached skill level 10 in Shields
  7290 | D:7      | Reached **** piety under Okawaru
  7329 | D:7      | Reached skill level 5 in Dodging
  7639 | D:8      | Reached skill level 1 in Stealth
  8110 | D:8      | Reached skill level 11 in Shields
  8398 | D:9      | Noticed a cyclops
  8407 | D:9      | Killed a cyclops
  8407 | D:9      | Reached ***** piety under Okawaru
  8407 | D:9      | Reached XP level 11. HP: 90/92 MP: 10/10
  8475 | D:9      | Found a glowing golden altar of the Shining One.
  8651 | D:9      | Found a stormy altar of Qazlal.
  9077 | D:9      | Found Atiakk's Antique Armour Boutique.
  9363 | D:9      | Bought an embroidered hat for 260 gold pieces
  9511 | D:10     | Entered Level 10 of the Dungeon
  9517 | D:10     | Noticed a hill giant
  9527 | D:10     | Killed a hill giant
  9720 | D:10     | Noticed a hill giant
  9727 | D:10     | Killed a hill giant
 10316 | D:10     | Noticed a hill giant
 10328 | D:10     | Killed a hill giant
 10719 | D:11     | Noticed Grum
 10942 | D:11     | Killed Grum
 11011 | D:11     | Reached skill level 12 in Shields
 11048 | D:11     | Received a gift from Okawaru
 11058 | D:11     | Got a pair of ancient boots {god gift}
 11064 | D:11     | Identified the -2 pair of boots of Hiroat {rN++ Str-4 Stlth+} (Okawaru gifted it to you on level 11 of the Dungeon)
 11088 | D:11     | Gained mutation: You have large cloven feet. [potion of beneficial mutation]
 11154 | D:11     | Found a staircase to the Orcish Mines.
 11275 | D:11     | Noticed a six-headed hydra
 11448 | Lair:1   | Entered Level 1 of the Lair of Beasts
 11992 | Lair:2   | Found a staircase to the Swamp.
 12112 | Lair:2   | Reached XP level 12. HP: 96/103 MP: 11/11
 12431 | Lair:2   | Reached skill level 13 in Shields
 13452 | Lair:3   | Reached skill level 10 in Armour
 13679 | Lair:3   | Found a dark tunnel.
 13688 | Volcano  | Entered a volcano
 13881 | Volcano  | Reached skill level 1 in Invocations
 14528 | Lair:3   | Received a gift from Okawaru
 14931 | Lair:3   | Reached skill level 14 in Shields
 15225 | Lair:4   | Found a staircase to the Snake Pit.
 15229 | Lair:4   | Noticed Harold
 15254 | Lair:4   | Killed Harold
 15468 | Lair:4   | Reached XP level 13. HP: 71/112 MP: 13/13
 15482 | Lair:4   | Reached ****** piety under Okawaru
 15782 | Lair:5   | Found an iron altar of Okawaru.
 15831 | Lair:5   | Found a staircase to the Slime Pits.
 15871 | Lair:5   | Reached skill level 10 in Fighting
 16092 | Lair:5   | You fall through a shaft!
 16092 | Lair:6   | Entered Level 6 of the Lair of Beasts
 16116 | Lair:6   | Received a gift from Okawaru
 16139 | Lair:6   | Reached skill level 15 in Shields
 16659 | Lair:6   | Reached skill level 15 in Long Blades
 16733 | Lair:6   | HP: 4/114 [komodo dragon (17)]
 18438 | Lair:5   | Reached skill level 16 in Shields
 19276 | Lair:6   | Reached skill level 1 in Polearms
 19715 | Lair:5   | Received a gift from Okawaru
 19715 | Lair:5   | Reached XP level 14. HP: 92/124 MP: 14/14
 21475 | D:12     | Found a white marble altar of Elyvilon.
 21602 | D:12     | Noticed Sonja
 22404 | D:12     | Killed Sonja
 23016 | D:13     | Found a labyrinth entrance.
 23038 | Lab      | Entered a labyrinth
 23609 | Lab      | Identified the Grimoire of Beguiling
 23613 | Lab      | Got a jewelled mace
 23712 | D:13     | Lost mutation: You have large cloven feet. [potion of cure mutation]
 24101 | D:13     | Mangled by an ettin

Skill      XL: |  1  2  3  4  5  6  7  8  9 10 11 12 13 14 |
---------------+-------------------------------------------+-----
Fighting       | 4 5 6 7 8 9 11 12 | 12.0
Shields        | 4 5 6 7 9 11 12 14 16 | 16.9
Long Blades    | 3 4 5 7 9 11 12 14 15 | 15.6
Armour         | 4 5 6 7 8 9 11 12 13 | 13.9
Dodging        | 1 2 3 5 6 |  6.3
Stealth        | 1 |  1.4
Invocations    | 1 |  1.7
Polearms       | 1 2 |  2.2
Evocations     | |  0.8

Action                   |  1- 3 |  4- 6 |  7- 9 | 10-12 | 13-15 || total
-------------------------+-------+-------+-------+-------+-------++-------
Melee: Long sword        |    94 |   144 |   421 |   936 |  1025 ||  2620
       Headbutt          |    15 |    34 |    96 |   245 |   290 ||   680
       Kick              |       |       |       |   166 |   403 ||   569
       Trident           |       |       |       |       |    38 ||    38
Invok: Heroism           |       |       |     1 |     3 |     6 ||    10
       Finesse           |       |       |       |     1 |       ||     1
Evoke: Wand              |       |       |     1 |     4 |     3 ||     8
  Use: Potion            |       |     1 |     1 |     1 |    11 ||    14
       Scroll            |       |       |    16 |    14 |     8 ||    38
  Eat: Chunk             |       |     7 |    11 |    26 |    20 ||    64
       Beef jerky        |       |       |       |     2 |     2 ||     4
       Pizza             |       |       |       |     1 |     4 ||     5
       Fruit             |       |       |       |       |     2 ||     2
Armor: Scale mail        |    53 |     2 |       |       |       ||    55
       Chain mail        |       |    70 |   126 |       |       ||   196
       Ring mail         |       |       |     6 |    54 |       ||    60
       Plate armour      |       |       |       |   180 |   403 ||   583
Dodge: Dodged            |    37 |    27 |   115 |   416 |   466 ||  1061
Block: Shield            |    71 |    75 |   183 |   687 |   455 ||  1471
       Buckler           |       |       |       |       |   230 ||   230
       Rpst.: Long sword |     7 |     8 |    37 |    98 |   102 ||   252
